 Dungeon Crawl Stone Soup version 0.24.0-125-gc4c63601f3 (webtiles) character file.

Game seed: 17723257549382047641, levelgen mode: deterministic

93 LraC the Grave Robber (level 4, -2/31 HPs)
             Began as a Demonspawn Necromancer on Mar 6, 2020.
             Slain by a worker ant (5 damage)
             ... on level 4 of the Dungeon.
             The game lasted 00:21:14 (1607 turns).

LraC the Grave Robber (Demonspawn Necromancer)      Turns: 1607, Time: 00:21:14

Health: -2/31      AC:  5    Str:  9    XL:     4   Next: 37%
Magic:  4/8        EV: 12    Int: 19    God:
Gold:   62         SH:  0    Dex: 13    Spells: 4/9 levels left

rFire    . . .     SeeInvis .   w - +0 dagger
rCold    . . .     Gourm    .   (no shield)
rNeg     . . .     Faith    .   i - +0 leather armour
rPois    .         Spirit   .   (helmet restricted)
rElec    +         Reflect  .   (no cloak)
rCorr    .         Harm     .   (no gloves)
MR       .....                  (no boots)
Stlth    ++........             (no amulet)
HPRegen  0.10/turn              (no ring)
MPRegen  0.11/turn              (no ring)

@: slowed, very slow
A: antennae 2, molten scales 1, clever 1, electricity resistance
a: no special abilities


You were on level 4 of the Dungeon.
You were not hungry.

You visited 1 branch of the dungeon, and saw 3 of its levels.

You collected 62 gold pieces.

Inventory:

Hand Weapons
 b - a +1 hand axe
 f - a +0 club
 h - a +0 club
 j - a +0 club
 k - a +0 whip
 l - a +0 dagger
 n - a +0 club
 o - a +0 dagger
 p - a +0 club
 r - a +0 club
 w - a +0 dagger (weapon)
Missiles
 e - 66 stones
 q - 13 arrows
 u - 7 javelins (quivered)
Armour
 a - a +0 robe
 d - a +0 scale mail
 i - a +0 leather armour (worn)
 t - a +0 robe
Scrolls
 v - a scroll of fear
 x - a scroll of remove curse
Potions
 g - a potion of magic
Comestibles
 c - 4 rations
 s - 6 chunks of flesh


   Skills:
 + Level 0.4 Fighting
 + Level 1.1 Axes
 + Level 0.6 Armour
 + Level 2.2 Dodging
 + Level 1.8 Stealth
 + Level 3.0 Spellcasting
 + Level 5.0 Necromancy


You had 4 spell levels left.
You knew the following spells:

 Your Spells              Type           Power        Failure   Level  Hunger
a - Pain                  Necr           ###.         2%          1    None
b - Animate Skeleton      Necr           N/A          2%          1    None
c - Regeneration          Chrm/Necr      ##........   22%         3    ###....

Your spell library contained the following spells:

 Spells                   Type           Power        Failure   Level  Hunger
 Vampiric Draining        Necr           ###.......   8%          3    ###....
 Animate Dead             Necr           N/A          26%         4    ####...


Dungeon Overview and Level Annotations

Branches:
Dungeon (2/15)

Altars:


Innate Abilities, Weirdness & Mutations

You have a pair of antennae on your head.
You are partially covered in molten scales. (AC +2)
Your mind is acute. (Int +2)
You are resistant to electric shocks. (rElec)


Message History

The leopard gecko bites you but does no damage.
The orc hits you with a +0 dagger.
* * * LOW HITPOINT WARNING * * *
The leopard gecko bites you.
* * * LOW HITPOINT WARNING * * *
The worker ant bites you.
* * * LOW HITPOINT WARNING * * *
Things that are here:
a +0 dagger; a +0 robe
Casting: Pain (safe; 2% risk of failure)
Confirm with . or Enter, or press ? or * to list all spells.
There is nothing here that can be animated!
The leopard gecko closely misses you. The orc hits you but does no damage. x2
The leopard gecko bites you.
* * * LOW HITPOINT WARNING * * *
The orc barely misses you. The orc hits you.
* * * LOW HITPOINT WARNING * * *
Found 23 stones.
The orc completely misses you. The worker ant bites you.
You die...

...... #..#### ......
#....#
?.....########.##...#
....(#.........####....
##...#............####.
....................#
.#..##..l...#######....
##....oao..# { ...
####..@o..# .. #.#....#
. #...##.+ ###....# #..
.# ##.. .. .#.


You could see a worker ant, 3 orcs and a leopard gecko.

Vanquished Creatures
  An orc wizard (D:4)
  2 adders (D:2)
  A leopard gecko (D:2)
  5 bats
  3 giant cockroaches
  6 hobgoblins
  6 jackals (D:1)
  2 ball pythons (D:2)
  3 goblins
  4 rats (D:1)
33 creatures vanquished.

Vanquished Creatures (collateral kills)
  2 dart slugs
  A giant cockroach (D:1)
  2 goblins
  2 hobgoblins (D:1)
7 creatures vanquished.

Grand Total: 40 creatures vanquished

Notes
Turn   | Place    | Note
-------+----------+-------------------------------------------
     0 | D:1      | LraC the Demonspawn Necromancer began the quest for the
                  | Orb.
     0 | D:1      | Reached XP level 1. HP: 13/13 MP: 3/3
     2 | D:1      | Learned a level 1 spell: Animate Skeleton
   318 | D:1      | Gained mutation: You are partially covered in molten
                  | scales. (AC +2) [demonic ancestry]
   318 | D:1      | Reached XP level 2. HP: 15/19 MP: 0/5
   552 | D:1      | Gained mutation: You are resistant to electric shocks.
                  | (rElec) [potion of mutation]
   552 | D:1      | Gained mutation: Your mind is acute. (Int +2) [potion of
                  | mutation]
   958 | D:1      | Gained mutation: You have a pair of small antennae on your
                  | head. [demonic ancestry]
   958 | D:1      | Reached XP level 3. HP: 15/24 MP: 2/6
   995 | D:1      | Learned a level 3 spell: Regeneration
  1236 | D:2      | Reached skill level 1 in Axes
  1580 | D:2      | You fall into a shaft and drop 2 floors!
  1604 | D:4      | Reached skill level 5 in Necromancy
  1604 | D:4      | Gained mutation: You have a pair of antennae on your head.
                  | [demonic ancestry]
  1604 | D:4      | Reached XP level 4. HP: 22/31 MP: 3/8
  1607 | D:4      | Slain by a worker ant

Levels and vault maps discovered:
D:1:      shiori_shiawase, layout_basic, serial_glass, glass_columns_a,
          glass_columns_a, grunt_decor_arrowhead
D:2:      layout_loops_ring, first_ration, minmay_quantized, uniq_robin
D:4:      layout_rooms, serial_shops, nicolae_shop_statue_plus, shop, shop,
          grunt_tough_drop, uniq_blork_the_orc, uniq_sigmund

Skill      XL: |  1  2  3 |
---------------+----------+-----
Axes           | 1 |  1.1
Dodging        | 2 |  2.2
Spellcasting   | 3 |  3.0
Necromancy     | 5 |  5.0
Fighting       | |  0.4
Armour         | |  0.6
Stealth        | |  1.8

Action                   |  1- 3 |  4- 6 || total
-------------------------+-------+-------++-------
Melee: Hand axe          |    51 |       ||    51
       Dagger            |     2 |       ||     2
Throw: Stone             |     2 |       ||     2
       Javelin           |     1 |       ||     1
 Cast: Pain              |    41 |     1 ||    42
       Animate Skeleton  |    14 |       ||    14
  Use: Scroll            |     7 |       ||     7
       Potion            |     4 |       ||     4
  Eat: Ration            |     1 |       ||     1
Armor: Scale mail        |    31 |       ||    31
       Leather armour    |    22 |     5 ||    27
       Robe              |     2 |       ||     2
Dodge: Dodged            |    74 |     5 ||    79
